TOP OF THE 1ST |
Colorado Rockies batting - Pitching for Washington Nationals : LHP Dale Ahernfeld
|
Pitching: LHP Dale Ahernfeld
|
|
Batting: RHB Chad Thompson
|
0-0: Called Strike 0-1: Foul Ball, location: 2F 0-2: Ball 1-2: Ball 2-2: Reached on error, E6 (Groundball, 6M, EV 81.9 MPH)
|
Batting: RHB Kian-tat Chen
|
0-0: Called Strike 0-1: Called Strike 0-2: Strikes out swinging
|
Batting: SHB Chris Blue
|
0-0: Ground out U3 (Groundball, 13, EV 80.6 MPH) Chad Thompson to third
|
Batting: RHB Jason Andrews
|
0-0: Called Strike 0-1: Foul Ball, location: 2F 0-2: Ball 1-2: Fly out, F7 (Flyball, 7S, EV 91.3 MPH)
|
Top of the 1st over - 0 runs, 0 hits, 1 error, 1 left on base; Colorado 0 - Washington 0 |
BOTTOM OF THE 1ST |
Washington Nationals batting - Pitching for Colorado Rockies : RHP Isaac Spikes
|
Pitching: RHP Isaac Spikes
|
|
Batting: SHB Andrew Wray II
|
0-0: Ball 1-0: Ball 2-0: Ball 3-0: Base on Balls
|
Batting: RHB C.J. Beavers
|
0-0: Ball Andrew Wray II steals 2nd base 1-0: Fly out, F7 (Flyball, 7D, EV 98.8 MPH) Runner from 2nd tags up, SAFE at 3rd with throw by LF
|
Batting: LHB R.J. O'Brien
|
0-0: Ground out U3 (Groundball, 3, EV 100.0 MPH)
|
Batting: SHB Junzo Kato
|
0-0: Called Strike 0-1: Fly out, F8 (Flyball, 8RD, EV 88.8 MPH)
|
Bottom of the 1st over - 0 runs, 0 hits, 0 errors, 1 left on base; Colorado 0 - Washington 0 |
TOP OF THE 2ND |
Colorado Rockies batting - Pitching for Washington Nationals : LHP Dale Ahernfeld
|
Batting: LHB Fabiano Perrolas
|
0-0: Called Strike 0-1: Ball 1-1: Ground out 1-3 (Groundball, 15, EV 69.4 MPH)
|
Batting: RHB Justin Williams
|
0-0: DOUBLE (Popup, 5D, EV 48.1 MPH)
|
Batting: LHB Jose Robles
|
0-0: Ball 1-0: SINGLE (Groundball, 6MD, EV 98.1 MPH) Justin Williams to third
|
Batting: LHB Robert Watson
|
0-0: Ball 1-0: Called Strike 1-1: SINGLE (Flyball, 56D, EV 85.6 MPH) Justin Williams scores Jose Robles to second
|
Batting: RHB Sterling Acosta
|
0-0: Ball 1-0: Called Strike 1-1: Ball 2-1: Swinging Strike 2-2: Foul Ball, location: 2F 2-2: Foul Ball, location: 2F 2-2: Fly out, F9 (Flyball, 9LM, EV 93.1 MPH)
|
Batting: RHB Chad Thompson
|
0-0: Called Strike 0-1: Ball 1-1: Foul Ball, location: 2F 1-2: Ball 2-2: Fly out, F9 (Flyball, 9LM, EV 103.1 MPH)
|
Top of the 2nd over - 1 run, 3 hits, 0 errors, 2 left on base; Colorado 1 - Washington 0 |
BOTTOM OF THE 2ND |
Washington Nationals batting - Pitching for Colorado Rockies : RHP Isaac Spikes
|
Batting: LHB Armando Carbajal
|
0-0: Ball 1-0: Ball 2-0: Ground out 1-3 (Groundball, 34S, EV 68.1 MPH)
|
Batting: RHB John Sanders
|
0-0: Foul Ball, location: 2F 0-1: Foul Ball, location: 2F 0-2: Foul Ball, location: 2F 0-2: Strikes out swinging
|
Batting: RHB Tommy Baird
|
0-0: Ball 1-0: Called Strike 1-1: Ball 2-1: Ball 3-1: Foul Ball, location: 2F 3-2: Base on Balls
|
Batting: RHB Masashi Yukizawa
|
0-0: Ball 1-0: Foul Ball, location: 2F 1-1: Ball 2-1: Foul Ball, location: 2F 2-2: Strikes out looking
|
Bottom of the 2nd over - 0 runs, 0 hits, 0 errors, 1 left on base; Colorado 1 - Washington 0 |
TOP OF THE 3RD |
Colorado Rockies batting - Pitching for Washington Nationals : LHP Dale Ahernfeld
|
Batting: RHB Kian-tat Chen
|
0-0: Ball 1-0: Fly out, F8 (Flyball, 8LD, EV 99.4 MPH)
|
Batting: SHB Chris Blue
|
0-0: Ball 1-0: Called Strike 1-1: Swinging Strike 1-2: Ball 2-2: Ball 3-2: Strikes out swinging
|
Batting: RHB Jason Andrews
|
0-0: Ball 1-0: Ball 2-0: Ball 3-0: Base on Balls
|
Batting: LHB Fabiano Perrolas
|
0-0: Fielders Choice at 2nd, 6-4 (Groundball, 6, EV 86.3 MPH)
|
Top of the 3rd over - 0 runs, 0 hits, 0 errors, 1 left on base; Colorado 1 - Washington 0 |
BOTTOM OF THE 3RD |
Washington Nationals batting - Pitching for Colorado Rockies : RHP Isaac Spikes
|
Batting: LHB Sidney Pedder
|
0-0: Called Strike 0-1: Ball 1-1: Foul Ball, location: 2F 1-2: Foul Ball, location: 2F 1-2: Strikes out swinging
|
Batting: SHB Andrew Wray II
|
0-0: Called Strike 0-1: Ball 1-1: Bunt for hit to 3S - play at first, batter safe!
|
Batting: RHB C.J. Beavers
|
0-0: Called Strike 0-1: Ball 1-1: Ball 2-1: Fly out, F7 (Flyball, 7D, EV 82.5 MPH)
|
Batting: LHB R.J. O'Brien
|
0-0: Ball 1-0: Swinging Strike 1-1: Ball 2-1: Ball Andrew Wray II steals 2nd base 3-1: Called Strike 3-2: Fly out, F8 (Flyball, 8LS, EV 86.3 MPH)
|
Bottom of the 3rd over - 0 runs, 1 hit, 0 errors, 1 left on base; Colorado 1 - Washington 0 |
TOP OF THE 4TH |
Colorado Rockies batting - Pitching for Washington Nationals : LHP Dale Ahernfeld
|
Batting: RHB Justin Williams
|
0-0: Called Strike 0-1: Ball 1-1: Ball 2-1: Ball 3-1: Base on Balls
|
Batting: LHB Jose Robles
|
0-0: Called Strike 0-1: Foul Ball, location: 2F 0-2: Ball 1-2: Ball 2-2: Reached on error, E1 (Groundball, 34S, EV 63.8 MPH) Justin Williams to second
|
Batting: LHB Robert Watson
|
0-0: Called Strike 0-1: Ball 1-1: Foul Ball, location: 2F 1-2: Ball 2-2: Strikes out swinging
|
Batting: RHB Sterling Acosta
|
0-0: Called Strike 0-1: Fly out, F2 (Popup, 2RF, EV 83.1 MPH)
|
Batting: RHB Chad Thompson
|
0-0: Called Strike 0-1: Called Strike 0-2: Ball 1-2: Ground out 4-3 (Groundball, 4, EV 105.6 MPH)
|
Top of the 4th over - 0 runs, 0 hits, 1 error, 2 left on base; Colorado 1 - Washington 0 |
BOTTOM OF THE 4TH |
Washington Nationals batting - Pitching for Colorado Rockies : RHP Isaac Spikes
|
Batting: SHB Junzo Kato
|
0-0: Ball 1-0: Fly out, F7 (Line Drive, 7D, EV 86.9 MPH)
|
Batting: LHB Armando Carbajal
|
0-0: Ball 1-0: Called Strike 1-1: Ball 2-1: Ball 3-1: Base on Balls
|
Batting: RHB John Sanders
|
0-0: Ball 1-0: Foul Ball, location: 2F 1-1: Ball 2-1: Ball 3-1: Base on Balls Armando Carbajal to second
|
Batting: RHB Tommy Baird
|
0-0: Called Strike 0-1: Foul Ball, location: 2F 0-2: SINGLE (Groundball, 56D, EV 101.3 MPH) Armando Carbajal to third John Sanders to second Runner from 3rd tries for Home, throw by LF and OUT! 7-2 John Sanders to third Tommy Baird to second
|
Batting: RHB Masashi Yukizawa
|
0-0: Called Strike 0-1: Fly out, F8 (Flyball, 8RM, EV 90.0 MPH)
|
Bottom of the 4th over - 0 runs, 1 hit, 0 errors, 2 left on base; Colorado 1 - Washington 0 |
TOP OF THE 5TH |
Colorado Rockies batting - Pitching for Washington Nationals : LHP Dale Ahernfeld
|
Pitching: LHP Keith Pratt
|
|
Batting: RHB Kian-tat Chen
|
0-0: Ground out U3 (Groundball, 34, EV 99.4 MPH)
|
Batting: SHB Chris Blue
|
0-0: Ball 1-0: Foul Ball, location: 2F 1-1: Ball 2-1: Swinging Strike 2-2: Strikes out looking
|
Batting: RHB Jason Andrews
|
0-0: Called Strike 0-1: Foul Ball, location: 2F 0-2: Strikes out swinging
|
Top of the 5th over - 0 runs, 0 hits, 0 errors, 0 left on base; Colorado 1 - Washington 0 |
BOTTOM OF THE 5TH |
Washington Nationals batting - Pitching for Colorado Rockies : RHP Isaac Spikes
|
Pitching: RHP Trey Price
|
|
Batting: LHB Sidney Pedder
|
0-0: Ground out 4-3 (Groundball, 4M, EV 103.1 MPH)
|
Batting: SHB Andrew Wray II
|
0-0: Ball 1-0: Foul Ball, location: 2F 1-1: Called Strike 1-2: Foul Ball, location: 2F 1-2: Strikes out looking
|
Batting: RHB C.J. Beavers
|
0-0: Ball 1-0: Foul Ball, location: 2F 1-1: Ball 2-1: Foul Ball, location: 2F 2-2: Ball 3-2: Foul Ball, location: 2F 3-2: Ground out 6-3 (Groundball, 6, EV 78.1 MPH)
|
Bottom of the 5th over - 0 runs, 0 hits, 0 errors, 0 left on base; Colorado 1 - Washington 0 |
TOP OF THE 6TH |
Colorado Rockies batting - Pitching for Washington Nationals : LHP Keith Pratt
|
Batting: LHB Fabiano Perrolas
|
0-0: Swinging Strike 0-1: Called Strike 0-2: Fly out, F3 (Line Drive, 3, EV 68.8 MPH)
|
Batting: RHB Justin Williams
|
0-0: Ball 1-0: Ball 2-0: Swinging Strike 2-1: Called Strike 2-2: Foul Ball, location: 2F 2-2: Strikes out swinging
|
Batting: LHB Jose Robles
|
0-0: SINGLE (Groundball, 4D, EV 97.5 MPH)
|
Batting: LHB Robert Watson
|
0-0: Ball 1-0: Foul Ball, location: 2F 1-1: Called Strike 1-2: Strikes out swinging
|
Top of the 6th over - 0 runs, 1 hit, 0 errors, 1 left on base; Colorado 1 - Washington 0 |
BOTTOM OF THE 6TH |
Washington Nationals batting - Pitching for Colorado Rockies : RHP Trey Price
|
Batting: LHB R.J. O'Brien
|
0-0: Ball 1-0: Called Strike 1-1: Ground out 6-3 (Groundball, 6, EV 100.0 MPH)
|
Batting: SHB Junzo Kato
|
0-0: Ball 1-0: Fly out, F8 (Flyball, 78XD, EV 105.0 MPH)
|
Batting: LHB Armando Carbajal
|
0-0: Called Strike 0-1: Ball 1-1: Ball 2-1: Called Strike 2-2: Ball 3-2: Strikes out swinging
|
Bottom of the 6th over - 0 runs, 0 hits, 0 errors, 0 left on base; Colorado 1 - Washington 0 |
TOP OF THE 7TH |
Colorado Rockies batting - Pitching for Washington Nationals : LHP Keith Pratt
|
Batting: RHB Sterling Acosta
|
0-0: Called Strike 0-1: Swinging Strike 0-2: Ball 1-2: Strikes out swinging
|
Batting: RHB Rico Coss
|
0-0: Ball 1-0: Foul Ball, location: 2F 1-1: Ball 2-1: SINGLE (Groundball, 56S, EV 73.1 MPH) (infield hit)
|
Batting: RHB Kian-tat Chen
|
0-0: Ball Rico Coss steals 2nd base 1-0: Ground out 6-3 (Groundball, 6, EV 86.3 MPH) Rico Coss to third
|
Pinch Hitting: RHB Leo Mair
|
0-0: Foul Ball, location: 2F 0-1: Ball 1-1: Ball 2-1: Foul Ball, location: 2F 2-2: Ball 3-2: Strikes out swinging
|
Top of the 7th over - 0 runs, 1 hit, 0 errors, 1 left on base; Colorado 1 - Washington 0 |
BOTTOM OF THE 7TH |
Washington Nationals batting - Pitching for Colorado Rockies : RHP Trey Price
|
Now at SS: Leo Mair
|
|
Batting: RHB John Sanders
|
0-0: Foul Ball, location: 2F 0-1: Ball 1-1: Ground out 4-3 (Groundball, 4M, EV 100.0 MPH)
|
Batting: RHB Tommy Baird
|
0-0: Foul Ball, location: 2F 0-1: Ball 1-1: Fly out, F8 (Flyball, 8LM, EV 93.8 MPH)
|
Batting: RHB Masashi Yukizawa
|
0-0: Ball 1-0: Ground out 1-3 (Groundball, 13, EV 64.4 MPH)
|
Bottom of the 7th over - 0 runs, 0 hits, 0 errors, 0 left on base; Colorado 1 - Washington 0 |
TOP OF THE 8TH |
Colorado Rockies batting - Pitching for Washington Nationals : LHP Keith Pratt
|
Pitching: LHP Efraim van der Peet
|
|
Pinch Hitting: RHB Roberto Rodriguez
|
0-0: Ball 1-0: Ball 2-0: Ball 3-0: Base on Balls
|
Pinch Hitting: RHB Eduardo Camacho
|
0-0: Ball 1-0: Ball 2-0: Ball 3-0: Foul Ball, location: 2F 3-1: Grounds into double play, 4-6-3 (Groundball, 4, EV 103.1 MPH)
|
Pinch Hitting: SHB Jon Munoz
|
0-0: Ball 1-0: Foul Ball, location: 2F 1-1: Called Strike 1-2: Strikes out swinging
|
Top of the 8th over - 0 runs, 0 hits, 0 errors, 0 left on base; Colorado 1 - Washington 0 |
BOTTOM OF THE 8TH |
Washington Nationals batting - Pitching for Colorado Rockies : RHP Trey Price
|
Now at C: Eduardo Camacho
|
|
Now at 3B: Leo Mair
|
|
Now at SS: Jon Munoz
|
|
Now in LF: Roberto Rodriguez
|
|
Batting: LHB Sidney Pedder
|
0-0: Called Strike 0-1: Ball 1-1: SINGLE (Flyball, 8RS, EV 91.9 MPH)
|
Pinch Hitting: RHB Luis Ramos
|
0-0: Sac Bunt to 2L - play at first, batter OUT! 2-4 Sidney Pedder to second
|
Batting: RHB Jared Speck
|
0-0: Ball 1-0: Called Strike 1-1: Ball 2-1: Ball 3-1: Called Strike 3-2: DOUBLE (Flyball, 89D, EV 97.5 MPH) Sidney Pedder scores
|
Pinch Hitting: LHB Dillon Gonzalez
|
0-0: Ball 1-0: Ball Wild Pitch! Jared Speck to third 2-0: Ball 3-0: Base on Balls
|
Pinch Hitting: RHB Dan Fallon
|
0-0: Called Strike 0-1: Fly out, F7 (Flyball, 7, EV 85.6 MPH) Runner from 3rd tags up, SCORES, throw by LF
|
Pinch Hitting: LHB Yasahiko Teshima
|
0-0: Ball 1-0: Ball 2-0: Foul Ball, location: 2F 2-1: Ball 3-1: Base on Balls Dillon Gonzalez to second
|
Pinch Hitting: RHB Ryan Short
|
0-0: Called Strike 0-1: Swinging Strike 0-2: Foul Ball, location: 2F 0-2: Strikes out swinging
|
Bottom of the 8th over - 2 runs, 2 hits, 0 errors, 2 left on base; Colorado 1 - Washington 2 |
TOP OF THE 9TH |
Colorado Rockies batting - Pitching for Washington Nationals : LHP Efraim van der Peet
|
Pitching: LHP Chris Baran
|
|
Now at 1B: Yasahiko Teshima
|
|
Now at 2B: Ryan Short
|
|
Now at 3B: Dan Fallon
|
|
Now in LF: Dillon Gonzalez
|
|
Now in CF: Luis Ramos
|
|
Now in RF: Danny Gerardo
|
|
Pinch Hitting: LHB Chris Locklear
|
0-0: Ball 1-0: Ball 2-0: Ball 3-0: Called Strike 3-1: Base on Balls
|
Batting: LHB Robert Watson
|
0-0: Called Strike 0-1: SINGLE (Groundball, 34D, EV 108.1 MPH) Chris Locklear to second Runner from 2nd tries for 3rd, SAFE, throw by RF made to third
|
Pinch Hitting: RHB Dennis Daniels
|
0-0: Swinging Strike 0-1: Ball 1-1: Foul Ball, location: 2F 1-2: Ball 2-2: SINGLE (Groundball, 56D, EV 101.9 MPH) Chris Locklear scores Robert Watson to second
|
Batting: RHB Rico Coss
|
0-0: Ball 1-0: Called Strike 1-1: Ball 2-1: Foul Ball, location: 2F 2-2: SINGLE (Groundball, P, EV 98.1 MPH) Robert Watson to third Dennis Daniels to second Runner from 3rd tries for Home, SAFE, throw by CF to home
|
Batting: RHB Kian-tat Chen
|
0-0: Ball 1-0: Ball 2-0: Called Strike 2-1: DOUBLE (Groundball, 3L, EV 103.8 MPH) Dennis Daniels scores Rico Coss to third
|
Batting: RHB Leo Mair
|
0-0: Called Strike 0-1: Ground out 3-1 (Groundball, 34S, EV 82.5 MPH) Rico Coss scores Kian-tat Chen to third
|
Batting: RHB Roberto Rodriguez
|
0-0: Intentional Walk
|
Pitching: RHP Shane Walker
|
|
Batting: RHB Eduardo Camacho
|
0-0: Ball 1-0: Called Strike 1-1: Foul Ball, location: 2F 1-2: DOUBLE (Line Drive, 7LS, EV 107.5 MPH) Kian-tat Chen scores Roberto Rodriguez to third Runner from 3rd tries for Home, SAFE, no throw by LF
|
Batting: SHB Jon Munoz
|
0-0: Ball 1-0: Called Strike 1-1: SINGLE (Groundball, 25, EV 62.5 MPH) (infield hit) Eduardo Camacho to third
|
Batting: LHB Chris Locklear
|
0-0: Ball 1-0: Called Strike 1-1: Ball 2-1: Called Strike Jon Munoz is caught stealing 2nd base 2-6 2-2: Foul Ball, location: 2F 2-2: Ground out 4-3 (Groundball, 34S, EV 83.8 MPH)
|
Top of the 9th over - 6 runs, 6 hits, 0 errors, 1 left on base; Colorado 7 - Washington 2 |
BOTTOM OF THE 9TH |
Washington Nationals batting - Pitching for Colorado Rockies : RHP Trey Price
|
Now at 1B: Chris Locklear
|
|
Now at 2B: Dennis Daniels
|
|
Batting: RHB Danny Gerardo
|
0-0: Ball 1-0: Called Strike 1-1: Ball 2-1: Ball 3-1: Foul Ball, location: 2F 3-2: Foul Ball, location: 2F 3-2: Base on Balls
|
Pitching: RHP Gabe Baxter
|
|
Pinch Hitting: RHB Donovan Auclair
|
0-0: Called Strike 0-1: Ball 1-1: Called Strike 1-2: Ball 2-2: Grounds into double play, 5-4-3 (Groundball, 5L, EV 85.6 MPH)
|
Pinch Hitting: RHB Mike Blair
|
0-0: Ball 1-0: Ball 2-0: Ball 3-0: Called Strike 3-1: Base on Balls
|
Batting: RHB Luis Ramos
|
0-0: Called Strike 0-1: Reached on error, E5 (Groundball, 56, EV 84.4 MPH) Mike Blair to second
|
Batting: RHB Jared Speck
|
0-0: Swinging Strike 0-1: Ground out 5-3 (Groundball, 5S, EV 66.9 MPH)
|
Bottom of the 9th over - 0 runs, 0 hits, 1 error, 2 left on base; Colorado 7 - Washington 2 |
|